 Dungeon Crawl Stone Soup version 0.23.2-40-g277498a001 (webtiles) character file.

Game seed: 2149354927419515013

2886 DiaVolo the Archer (level 9, -1/75 HPs)
             Began as a Centaur Hunter on Aug 15, 2019.
             Was a Follower of Makhleb.
             Slain by a killer bee (5 damage)
             ... on level 7 of the Dungeon.
             The game lasted 00:39:27 (7664 turns).

DiaVolo the Archer (Centaur Hunter)                 Turns: 7664, Time: 00:39:29

Health: -1/75      AC: 10    Str: 15    XL:     9   Next: 48%
Magic:  9/9        EV:  9    Int: 10    God:    Makhleb [*.....]
Gold:   312        SH:  3    Dex: 13    Spells: 8/8 levels left

rFire    . . .     SeeInvis +   u - +1 war axe
rCold    . . .     Gourm    .   (no shield)
rNeg     . . .     Faith    .   y - +3 scale mail {MR+}
rPois    .         Spirit   .   (no helmet)
rElec    .         Reflect  +   (no cloak)
rCorr    .         Harm     .   q - +0 pair of gloves
MR       +....                  (no barding)
Stlth    ..........             k - +3 amulet of reflection
HPRegen  0.22/turn              p - ring of see invisible
MPRegen  0.11/turn              x - +1 ring of evasion

@: very quick
A: large, hooves 3, deformed body, speed 2, tough skin 3
a: Renounce Religion


You were on level 7 of the Dungeon.
You worshipped Makhleb.
Makhleb was aware of your devotion.
You were not hungry.

You visited 2 branches of the dungeon, and saw 8 of its levels.

You collected 312 gold pieces.

Inventory:

Hand Weapons
 a - a +1 shortbow
 u - a +1 war axe (weapon)
 B - a +1 longbow
 D - a +0 shortbow of freezing
Missiles
 d - 170 arrows
Armour
 q - a +0 pair of gloves (worn)
 y - a +3 scale mail of magic resistance (worn)
Jewellery
 k - a +3 amulet of reflection (around neck)
 p - a ring of see invisible (left hand)
 x - a +1 ring of evasion (right hand)
 z - a +2 ring of intelligence
 C - an uncursed ring of wizardry
Wands
 r - a wand of polymorph (4)
 A - a wand of scattershot (2)
Scrolls
 j - a scroll of identify
 l - a scroll of fear
 n - 3 scrolls of teleportation
Potions
 g - 3 potions of flight {unknown}
 o - a potion of curing
 s - 2 potions of haste
 t - 2 potions of agility {unknown}
 v - a potion of berserk rage {unknown}
 w - a potion of brilliance
Comestibles
 f - 5 rations


   Skills:
 + Level 5.8 Fighting
 + Level 7.5 Axes
 + Level 9.7 Bows
 + Level 3.1 Armour
 + Level 2.8 Dodging
 + Level 1.1 Stealth


You had 8 spell levels left.
You didn't know any spells.
Your spell library contained the following spells:

 Spells                   Type           Power        Failure   Level  Hunger
 Confusing Touch          Hex            #.....       82%         1    ##.....
 Confuse                  Hex            #.......     99%         3    ####...
 Gell's Gravitas          Tloc           #.........   99%         3    ####...
 Petrify                  Tmut/Erth      #.......     100%        4    #####..
 Metabolic Englaciation   Hex/Ice        #.........   100%        5    ######.
 Yara's Violent Unravell  Hex/Tmut       #.........   100%        5    ######.


Dungeon Overview and Level Annotations

Branches:
Dungeon (7/15)             Temple (1/1) D:5

Altars:
Ashenzari
Dithmenos
Elyvilon
Fedhas
Gozag
Hepliaklqana
Kikubaaqudgha
Makhleb
Nemelex Xobeh
Qazlal
Ru
Sif Muna
Trog
Uskayaw
Vehumet
Wu Jian
Xom
Yredelemnul
Zin
The Shining One

Shops:
D:5 :   D:6 *


Innate Abilities, Weirdness & Mutations

You have hooves in place of feet.
Armour fits poorly on your strangely shaped body.
You cover ground very quickly.
You have extremely tough skin. (AC +3)


Message History

* * * LOW HITPOINT WARNING * * *
It was a potion of curing.
You feel better.
The killer bee stings you but does no damage.
The killer bee barely misses you.
Aiming: Scattershot
Press: ? - help, Shift-Dir - straight line, f - killer bee
Aim: a killer bee (heavily wounded)
The burst of metal fragments hits the killer bee!
You kill the killer bee!
Makhleb accepts your kill.
Aiming: Scattershot
Press: ? - help, Shift-Dir - straight line, f - killer bee
Aim: a killer bee The burst of metal fragments hits the killer bee! x2
You kill the killer bee!
Makhleb accepts your kill. The killer bee stings you!
* * * LOW HITPOINT WARNING * * *
The killer bee stings you.
You die...

.# #.#
#####.....###
#.######
##########.....#
# #......#
#............###
# ######.#
#.############ #
#<# #.# # #.#
#.# # #.# #.# #
### #.# #.# #
#.# #.#
#@######### #
#.# #.#
#†yy.h....# #.#
#.# #########.#
#.#########.#
#.#
##...........#
#y#
....##########
#y#
##..........#
##y#####.##
##########.#
#.††.yh.©.. #.#
#..#########


You could see a hound and 2 killer bees.

Vanquished Creatures
  Grinder (D:5)
  Prince Ribbit (D:5)
  2 black bears (D:6)
  An orc warrior (D:7)
  A phantom (D:6)
  An ice beast (D:7)
  3 ogres
  4 centaurs
  3 bullfrogs
  A wyvern skeleton (D:7)
  A scorpion (D:4)
  4 killer bees (D:7)
  A howler monkey (D:3)
  5 crimson imps
  A centaur zombie (D:6)
  4 hounds
  3 orc priests
  6 orc wizards
  A bullfrog skeleton (D:6)
  2 iguanas
  3 worker ants
  A hound skeleton (D:5)
  6 adders
  3 gnolls (D:4)
  2 shadow imps
  2 oozes
  An adder zombie (D:6)
  6 worms
  3 dart slugs
  3 leopard geckos
  31 orcs
  3 ball pythons (D:2)
  6 bats
  4 giant cockroaches
  7 goblins
  8 hobgoblins
  2 jackals (D:2)
  A quokka (D:7)
  3 frilled lizards
  11 kobolds
  8 rats
  A fungus (D:6)
161 creatures vanquished.

Notes
Turn   | Place    | Note
-------+----------+-------------------------------------------
     0 | D:1      | DiaVolo the Centaur Hunter began the quest for the Orb.
     0 | D:1      | Reached XP level 1. HP: 17/17 MP: 1/1
   169 | D:1      | Reached XP level 2. HP: 24/24 MP: 2/2
   236 | D:1      | Reached skill level 6 in Bows
   872 | D:2      | Reached XP level 3. HP: 29/29 MP: 3/3
  1568 | D:2      | Reached XP level 4. HP: 37/37 MP: 4/4
  1790 | D:3      | Reached skill level 7 in Bows
  2044 | D:3      | Reached XP level 5. HP: 25/42 MP: 5/5
  2150 | D:3      | Reached skill level 1 in Axes
  2622 | D:3      | Reached skill level 1 in Stealth
  2813 | D:3      | Reached skill level 8 in Bows
  2977 | D:4      | Reached XP level 6. HP: 46/50 MP: 6/6
  3021 | D:4      | Reached skill level 1 in Armour
  3287 | D:4      | Found a radiant altar of Vehumet.
  3605 | D:4      | Found a sparkling altar of Nemelex Xobeh.
  3606 | D:4      | Found a hide-covered altar of Uskayaw.
  3606 | D:4      | Found a blossoming altar of Fedhas.
  3816 | D:4      | Reached XP level 7. HP: 57/57 MP: 7/7
  4014 | D:5      | Entered Level 5 of the Dungeon
  4016 | D:5      | Found a staircase to the Ecumenical Temple.
  4032 | Temple   | Entered the Ecumenical Temple
  4123 | Temple   | Became a worshipper of Makhleb the Destroyer
  4355 | D:5      | Noticed Grinder
  4383 | D:5      | Killed Grinder
  4462 | D:5      | Found a glowing silver altar of Zin.
  4623 | D:5      | Noticed Prince Ribbit
  4652 | D:5      | Killed Prince Ribbit
  4652 | D:5      | Reached skill level 9 in Bows
  4652 | D:5      | Reached XP level 8. HP: 45/66 MP: 8/8
  4763 | D:5      | Found an ancient bone altar of Kikubaaqudgha.
  4821 | D:5      | Found Cubylic's Book Boutique.
  4976 | D:5      | Found a hazy altar of Hepliaklqana.
  5003 | D:5      | Reached skill level 5 in Axes
  5579 | D:6      | Found an opulent altar of Gozag.
  5581 | D:6      | Found Gozag's Platinum Reserve.
  5774 | D:6      | Found a white marble altar of Elyvilon.
  6018 | D:6      | Reached skill level 5 in Fighting
  6180 | D:6      | Reached XP level 9. HP: 60/74 MP: 9/9
  6618 | D:7      | Reached * piety under Makhleb
  7659 | D:7      | HP: 3/75 [killer bee (4)]
  7664 | D:7      | Slain by a killer bee

Skill      XL: |  1  2  3  4  5  6  7  8  9 |
---------------+----------------------------+-----
Bows           | 6 7 8 9 |  9.7
Axes           | 1 2 4 6 7 |  7.5
Stealth        | 1 |  1.1
Fighting       | 3 5 |  5.8
Armour         | 1 2 3 |  3.1
Dodging        | 2 |  2.8

Action                   |  1- 3 |  4- 6 |  7- 9 || total
-------------------------+-------+-------+-------++-------
Melee: Hand axe          |    47 |     7 |       ||    54
       Short sword       |     6 |       |       ||     6
       Kick              |     8 |    10 |    46 ||    64
       Shortbow          |     2 |       |       ||     2
       Spear             |     2 |       |       ||     2
       War axe           |       |    80 |   250 ||   330
 Fire: Shortbow          |    65 |    85 |    21 ||   171
       Longbow           |       |       |    27 ||    27
Evoke: Wand              |       |       |     2 ||     2
  Use: Potion            |     5 |       |     1 ||     6
       Scroll            |     1 |     6 |     4 ||    11
 Stab: Invisible         |     1 |       |       ||     1
  Eat: Ration            |     1 |     1 |     4 ||     6
Armor: Ring mail         |    43 |    34 |       ||    77
       Skin              |     7 |       |       ||     7
       Scale mail        |       |    28 |   150 ||   178
Dodge: Dodged            |    48 |    40 |   111 ||   199
Block: Other             |    12 |    17 |    29 ||    58
       Reflection        |     1 |     1 |       ||     2
